 Dungeon Crawl Stone Soup version 0.31-a0-204-g7da18cac08 (webtiles) character file.

Game seed: 15302576560032707013

164 qw the Skirmisher (level 5, 0/29 HPs)
             Began as a Deep Elf Hunter on June 27, 2023.
             Was an Initiate of Okawaru.
             Slain by an orc
             ... wielding a +0 club
              (3 damage)
             ... on level 4 of the Dungeon.
             The game lasted 00:00:55 (2196 turns).

qw the Skirmisher (Deep Elf Hunter)                 Turns: 2196, Time: 00:00:55

Health: 0/29       AC:  5    Str: 10    XL:     5   Next: 21%
Magic:  7/7        EV: 11    Int: 14    God:    Okawaru [......]
Gold:   122        SH:  0    Dex: 18    Spells: 4/4 levels left

rFire   . . .        Y - +1 arbalest
rCold   . . .        (shield currently unavailable)
rNeg    . . .        k - +0 ring mail
rPois   .            (no helmet)
rElec   .            (no cloak)
rCorr   .            (no gloves)
SInv    .            (no boots)
Will    .....        (no amulet)
Stlth   +            (no ring)
HPRegen 0.24/turn    (no ring)
MPRegen 0.10/turn

%: no passive effects
@: no status effects
A: no striking features
a: Renounce Religion


You were on level 4 of the Dungeon.
You worshipped Okawaru.
Okawaru was noncommittal.
You visited 2 branches of the dungeon, and saw 6 of its levels.

You collected 122 gold pieces.


   Skills:
 - Level 1.5 Fighting
 + Level 8.7 Ranged Weapons
 - Level 2.4 Dodging
 - Level 1.2 Stealth


You had 4 spell levels left.
You didn't know any spells.
Your spell library was empty.

Inventory:

Hand Weapons
 Y - a +1 arbalest (weapon)
Armour
 k - a +0 ring mail (worn)
Scrolls
 h - a scroll of identify
Potions
 a - a potion of brilliance {unknown}
 c - a potion of curing
 d - a potion of degeneration {unknown}
 j - a potion of enlightenment
 l - a potion of heal wounds {unknown}

Dungeon Overview and Level Annotations

Branches:
Dungeon (5/15)             Temple (1/1) D:5

Altars:
Cheibriados
Dithmenos
Gozag
Hepliaklqana
Kikubaaqudgha
Makhleb
Okawaru
Qazlal
Sif Muna
Trog
Vehumet
Wu Jian
Yredelemnul


Message History

You open the door. 3 orcs come into view.
The orc shouts! x2; You hear a shout! x2
Found fire dragon scales.
You shoot a bolt. The bolt hits the orc!!
You kill the orc!
Okawaru accepts your kill.
You hear a shout!
An orc comes into view. It is wielding a +0 short sword.
You shoot a bolt. The bolt barely misses the orc.
The bolt closely misses the orc.
The orc hits you with a +0 club.
You shoot a bolt. The bolt barely misses the orc.
The orc barely misses you. x2
You shoot a bolt. The bolt hits the orc.
The orc is heavily wounded.
The orc hits you with a +0 club.
An orc comes into view. It is wielding a +0 club.
The orc hits you with a +0 whip. The orc hits you with a +0 short sword.
The orc misses you. The orc hits you with a +0 club. The orc barely misses you.
You shoot a bolt. The orc shouts!
The bolt hits the orc!
You kill the orc!
Okawaru accepts your kill. The orc hits you but does no damage.
You shoot a bolt. The bolt hits the orc!
You kill the orc!
Okawaru accepts your kill. The orc hits you but does no damage.
The orc hits you with a +0 club. The orc closely misses you.
You shoot a bolt. The bolt closely misses the orc.
The orc completely misses you. The orc hits you but does no damage.
The orc hits you with a +0 club. The orc hits you but does no damage.
You shoot a bolt. The bolt closely misses the orc.
The orc barely misses you. The orc hits you but does no damage.
You shoot a bolt. The bolt hits the orc.
The orc is heavily wounded.
The orc hits you but does no damage. The orc hits you with a +0 club. x3
You die...

###
#.[
#.#
###o##
#.o@)#
#....#
#....#
###.##
#..
####


You could see 2 orcs.

Vanquished Creatures
  A jelly (D:5)
  An iguana (D:5)
  3 adders
  A worm (D:2)
  3 dart slugs (D:1)
  7 orcs
  6 endoplasms
  2 giant cockroaches
  4 goblins
  5 hobgoblins
  6 jackals
  3 quokkas (D:2)
  6 ball pythons
  7 bats
  A frilled lizard (D:1)
  5 kobolds
  4 rats
65 creatures vanquished.

Notes
Turn   | Place    | Note
-------+----------+-------------------------------------------
     0 | D:1      | qw the Deep Elf Hunter began the quest for the Orb.
     0 | D:1      | Reached XP level 1. HP: 12/12 MP: 3/3
     0 | D:1      | 0 ||| qw: Version: 0.3-a-22-g0ed2b0b
     0 | D:1      | 0 ||| qw: Game counter: 6511
     0 | D:1      | 0 ||| qw: Melee chars always use a shield: true
     0 | D:1      | 0 ||| qw: God list: Okawaru
     0 | D:1      | 0 ||| qw: Allow faded altars: false
     0 | D:1      | 0 ||| qw: Do Orc after clearing Dungeon:15 true
     0 | D:1      | 0 ||| qw: Do second Lair branch before Depths: true
     0 | D:1      | 0 ||| qw: Lair rune preference: random
     0 | D:1      | 0 ||| qw: Goals: Normal
     0 | D:1      | 0 ||| PLANNING D:1-11
   136 | D:1      | Reached XP level 2. HP: 13/16 MP: 4/4
   136 | D:1      | 136 ||| FLEEEEING.
   137 | D:1      | 137 ||| FLEEEEING.
   235 | D:1      | Reached skill level 6 in Ranged Weapons
   408 | D:1      | 408 ||| FLEEEEING.
   409 | D:1      | 409 ||| FLEEEEING.
   645 | D:1      | Reached XP level 3. HP: 20/20 MP: 5/5
   647 | D:1      | 647 ||| READING scroll labelled LYOSHORELAOC.
   648 | D:1      | 648 ||| READING scroll labelled NIDGHI EXIPU.
   649 | D:1      | 649 ||| DROPPING scroll of butterflies.
   664 | D:2      | Found a burning altar of Makhleb.
   933 | D:2      | Reached skill level 7 in Ranged Weapons
  1303 | D:2      | 1303 ||| UPGRADING to +0 scale mail.
  1313 | D:2      | 1313 ||| DROPPING +0 leather armour.
  1349 | D:3      | Reached XP level 4. HP: 21/25 MP: 6/6
  1470 | D:3      | 1470 ||| SWAPPING to +0 arbalest.
  1471 | D:3      | 1471 ||| DROPPING +0 shortbow.
  1495 | D:3      | Found a stormy altar of Qazlal.
  1601 | D:3      | You fall into a shaft and drop 2 floors!
  1601 | D:5      | Entered Level 5 of the Dungeon
  1654 | D:5      | 1654 ||| UPGRADING to +0 ring mail.
  1664 | D:5      | 1664 ||| DROPPING +0 scale mail.
  1665 | D:5      | 1665 ||| READING scroll labelled QOON SYWOARREM.
  1666 | D:5      | 1666 ||| PLANNING TEMPLE
  1666 | D:5      | 1666 ||| READING scroll labelled JYTOIG EGECW.
  1670 | D:5      | 1670 ||| READING scroll labelled HUMOMO AJORHITT.
  1671 | D:5      | 1671 ||| DRINKING 2 brown potions.
  1672 | D:5      | 1672 ||| DRINKING 2 blue potions.
  1681 | D:5      | Reached skill level 8 in Ranged Weapons
  1683 | D:5      | Found a staircase to the Ecumenical Temple.
  1686 | D:5      | Reached XP level 5. HP: 29/29 MP: 7/7
  1699 | Temple   | Entered the Ecumenical Temple
  1918 | Temple   | 1918 ||| PLANNING OKAWARU WORSHIP
  2125 | Temple   | Became a worshipper of Warmaster Okawaru
  2126 | Temple   | 2126 ||| PLANNING D:1-11
  2196 | D:4      | HP: 5/29 [orc/+0 club (4)]
  2196 | D:4      | Slain by an orc

Levels and vault maps discovered:
D:1:      dpeg_arrival_court, layout_basic
D:2:      layout_loops_cross, basic_altar, eino_curves_04, minmay_statues_item
D:3:      layout_loops_ring, nicolae_qazlal_scattered_showers,
          nicolae_overflow_ecumenical_swirl
D:4:      layout_basic, kennysheep_mini_moat, uniq_menkaure
D:5:      layout_basic, good_gods_temple_1, gammafunk_temple_overflow_statue,
          gammafunk_temple_overflow_pools, minmay_temple_entry_wispy, hex_medium
Temple:   minmay_temple_forest_path

Skill      XL: |  1  2  3  4 |
---------------+-------------+-----
Ranged Weapons | 6 7 8 |  8.7
Fighting       | |  1.5
Dodging        | |  2.4
Stealth        | |  1.2

Action                     |  1- 3 |  4- 6 || total
---------------------------+-------+-------++-------
   Fire: Shortbow          |   128 |    18 ||   146
         Arbalest          |       |    32 ||    32
    Use: Scroll            |     2 |     3 ||     5
         Potion            |       |     2 ||     2
 Armour: Leather armour    |    12 |       ||    12
         Scale mail        |     1 |    11 ||    12
         Ring mail         |       |     6 ||     6
  Dodge: Dodged            |    23 |    26 ||    49

Table legend:
 A = Non-vault XP
 B = Vault XP
 C = Vault XP percentage of total XP
 D = Non-vault monster count
 E = Vault monster count
 F = Vault count percentage of total count
                 A         B        C        D         E       F
            +---------+---------+-------+---------+---------+-------
      Total |     235 |       0 |   0.0 |      65 |       0 |   0.0
            +---------+---------+-------+---------+---------+-------
        D:1 |      42 |       0 |   0.0 |      22 |       0 |   0.0
        D:2 |      48 |       0 |   0.0 |      20 |       0 |   0.0
        D:3 |      43 |       0 |   0.0 |      16 |       0 |   0.0
        D:4 |       9 |       0 |   0.0 |       3 |       0 |   0.0
        D:5 |      93 |       0 |   0.0 |       4 |       0 |   0.0
            +---------+---------+-------+---------+---------+-------
